 Dungeon Crawl Stone Soup version 0.24-a0-613-g1ff6aac338 (webtiles) character file.

Game seed: 4347130232045550462, levelgen mode: deterministic

80235 Masnef the Black Sun (level 15, -17/107 (108) HPs)
             Began as a Vampire Enchanter on Sept 10, 2019.
             Was a High Priest of Kikubaaqudgha.
             Engulfed by a cloud of freezing vapour (21 damage)
             ... on level 2 of the Orcish Mines on Sept 11, 2019.
             The game lasted 02:01:20 (28429 turns).

Masnef the Black Sun (Vampire Enchanter)           Turns: 28429, Time: 02:01:21

HP:   -17/107 (108) AC:  7    Str: 10    XL:     15   Next: 23%
MP:   25/25         EV: 24    Int: 32    God:    Kikubaaqudgha [*****.]
Gold: 2025          SH:  9    Dex: 25    Spells: 1/28 levels left

rFire    + . .     SeeInvis +   Y - +7 dagger "Gerakus" {venom, rC- Dex+7}
rCold    . . .     Gourm    .   w - +1 buckler "Forget-Me-Not" {Int+3 Dex+2}
rNeg     . . .     Faith    .   t - +0 robe {rC+ rF+}
rPois    .         Spirit   .   e - +0 helmet
rElec    .         Reflect  +   q - +0 cloak
rCorr    .         Harm     .   l - +1 pair of gloves {Str+3}
MR       +....                  L - +0 pair of boots
Stlth    ++++......             k - +2 amulet of reflection
HPRegen  0.47/turn              Z - ring of stealth
MPRegen  0.19/turn              d - +6 ring of intelligence

@: regenerating quickly, very slow
A: no food, fangs 3, see invisible, unbreathing
a: Exsanguinate, Receive Corpses, Torment, Renounce Religion


You were on level 2 of the Orcish Mines.
You worshipped Kikubaaqudgha.
Kikubaaqudgha was extremely pleased with you.
You were alive.

You visited 4 branches of the dungeon, and saw 21 of its levels.
You also visited: Sewer and Volcano.

You collected 2025 gold pieces.

Inventory:

Hand Weapons
 r - the +6 hand axe "Leizxe Kuxe" {drain, +Rage rN+}
   (You found it on level 7 of the Dungeon)

   A truly terrible weapon, it drains the life of those it strikes.
   It protects you from negative energy.
   It lets you go berserk.
 F - a +1 dagger of electrocution
 Y - the +7 dagger "Gerakus" (weapon) {venom, rC- Dex+7}
   (You found it on level 1 of the Orcish Mines)

   It poisons the flesh of those it strikes.
   It affects your dexterity (+7).
   It makes you vulnerable to cold.
Armour
 e - a +0 helmet (worn)
 h - +0 fire dragon scales
 l - a +1 pair of gloves of strength (worn)
 q - a +0 cloak (worn)
 t - a +0 robe of resistance (worn)
 w - the +1 buckler "Forget-Me-Not" (worn) {Int+3 Dex+2}
   (You found it on level 5 of the Dungeon)

   It affects your intelligence (+3).
   It affects your dexterity (+2).
 I - a +0 pair of gloves
 J - a +0 troll leather armour
 L - a +0 pair of boots (worn)
 S - a +2 large shield
Jewellery
 a - an uncursed ring of fire
 c - a +3 ring of dexterity
 d - a +6 ring of intelligence (right hand)
 k - a +2 amulet of reflection (around neck)
 V - a +3 ring of dexterity
 Z - a ring of stealth (left hand)
Wands
 p - a wand of iceblast (12)
 u - a wand of flame (28)
 C - a wand of digging (2)
Scrolls
 g - 9 scrolls of remove curse
 j - a scroll of teleportation
 m - 4 scrolls of fog
 o - 2 scrolls of amnesia
 s - 3 scrolls of identify
 v - 3 scrolls of enchant weapon
 B - a scroll of holy word
 H - a scroll of vulnerability
 K - a scroll of blinking
 X - 2 scrolls of summoning
Potions
 b - a potion of invisibility
 f - 6 potions of flight
 i - 4 potions of curing
 n - 3 potions of might
 x - a potion of mutation
 z - 2 potions of degeneration
 M - 2 potions of haste
 N - 2 potions of berserk rage
 O - a potion of magic
 P - a potion of brilliance


   Skills:
 + Level 7.5 Fighting
 - Level 10.0 Short Blades
 - Level 2.0 Armour
 + Level 11.7 Dodging
 - Level 14.1 Stealth
 - Level 4.0 Shields
 - Level 7.0 Spellcasting
 - Level 1.0 Conjurations
 - Level 8.0 Hexes
 * Level 15.6 Necromancy
 - Level 7.5 Ice Magic


You had one spell level left.
You knew the following spells:

 Your Spells              Type           Power        Failure   Level  Hunger
a - Confusing Touch       Hex            ######       1%          1    N/A
b - Ensorcelled Hibernat  Hex/Ice        ######       1%          2    N/A
c - Confuse               Hex            ######..     1%          3    N/A
d - Dazzling Spray        Conj/Hex       #####.       1%          3    N/A
e - Vampiric Draining     Necr           #######...   1%          3    N/A
f - Animate Skeleton      Necr           N/A          0%          1    N/A
g - Simulacrum            Ice/Necr       ######....   5%          6    N/A
h - Death Channel         Necr           #######...   1%          6    N/A
i - Sublimation of Blood  Necr           #######...   0%          2    N/A

Your spell library contained the following spells:

 Spells                   Type           Power        Failure   Level  Hunger
 Pain                     Necr           ####         0%          1    N/A
 Corona                   Hex            ######.      1%          1    N/A
 Flame Tongue             Conj/Fire      ##...        3%          1    N/A
 Tukima's Dance           Hex            ######..     1%          3    N/A
 Cause Fear               Hex            ######....   1%          4    N/A
 Dispel Undead            Necr           #######.     1%          5    N/A
 Inner Flame              Hex/Fire       #####...     2%          3    N/A
 Spectral Weapon          Hex/Chrm       #####...     2%          3    N/A
 Bolt of Draining         Conj/Necr      ######....   3%          5    N/A
 Throw Flame              Conj/Fire      ##....       4%          2    N/A
 Excruciating Wounds      Chrm/Necr      ######....   4%          5    N/A
 Swiftness                Chrm/Air       ##......     6%          2    N/A
 Leda's Liquefaction      Hex/Erth       #####.....   8%          4    N/A
 Conjure Flame            Conj/Fire      ##......     10%         3    N/A
 Ignite Poison            Fire/Tmut/Pois ##......     12%         3    N/A
 Darkness                 Hex            ######....   24%         6    N/A
 Sticky Flame             Conj/Fire      ##......     32%         4    N/A
 Fireball                 Conj/Fire      ##........   67%         5    N/A
 Bolt of Fire             Conj/Fire      ##........   99%         6    N/A
 Ring of Flames           Chrm/Fire      ##........   100%        7    N/A
 Ignition                 Fire           ##........   100%        8    N/A

Dungeon Overview and Level Annotations

Branches:
Dungeon (12/15)            Temple (1/1) D:7            Lair (6/6) D:11
  Swamp (0/4) Lair:2        Snake (0/4) Lair:2        Slime (0/5) Lair:5
    Orc (2/2) D:12            Elf (0/3) Orc:2         Sewer (visited)
Volcano (visited)

Altars:
Ashenzari
Cheibriados
Dithmenos
Elyvilon
Fedhas
Gozag
Hepliaklqana
Kikubaaqudgha
Makhleb
Nemelex Xobeh
Okawaru
Qazlal
Ru
Sif Muna
Trog
Uskayaw
Vehumet
Wu Jian
Xom
Yredelemnul
Zin
The Shining One
Beogh
Lugonu

Shops:
D:12 [

Portals:
Bazaar: Orc:2

Annotations:
D:7 2 transporters
D:9 1 runed translucent door, bmj180's ghost, novice HOFi


Innate Abilities, Weirdness & Mutations

You do not eat.
Your natural rate of healing is unusually fast.
You have razor-sharp teeth.
You have supernaturally acute eyesight. (SInv)
You can survive without breathing.


Message History

Really walk into that cloud of freezing vapour?
You enter the shallow water.
Moving in this stuff is going to be slow.
You are engulfed in freezing vapours.
Okay, then.
Put on which piece of jewellery? (? for menu, Esc to quit)
Okay, then.
You are engulfed in freezing vapours.
An orc warrior comes into view. It is wielding a +0 mace.
An orc comes into view. It is wielding a +0 falchion.
Keep bloodletting?
You are engulfed in freezing vapours.
* * * LOW HITPOINT WARNING * * *
You begin bloodletting.
You continue bloodletting.
You are engulfed in freezing vapours.
* * * LOW HITPOINT WARNING * * *
You continue bloodletting. x2
You are engulfed in freezing vapours.
You die...
Kikubaaqudgha rasps: "You have failed me!
Welcome... death!"

****,,,,,,,,,,,,
**.##...,,,,,,,,,
*,......#.o......
###.....##.....C..
##.°............... #**
##≈.○☼°.............
##.*##○°≈○............... ******
#...#°°☼○≈°..............
,,*,,***##.#°.≈○@..○.............
,,,,,,,*...°°°#°°....o....$..<..o
,,,,,,,,.......○○............(oo.
,,,,,,,,..##....°.............o..
,,,,,,,,,*#...$..................
,,,,,,,,.............o...........
,,,,,,,,...........T.............
,,,,,,,,.######..###.###.#######.
,,,,,,,,,*∩,,,#..# *.# #.* *.


You could see a troll (wandering), an orc warrior and an orc (wandering).

Vanquished Creatures
  Rupert (Lair:4)
  A stone giant (Orc:1)
  A red draconian (Volcano)
  Josephine (Lair:5)
  2 hydras
  Erica (Lair:1)
  3 two-headed ogres
  An ogre mage (Volcano)
  A death yak (Lair:6)
  Sonja (Lair:4)
  An obsidian statue (Volcano)
  A lindwurm (Lair:6)
  An orc knight (D:12)
  An ugly thing (D:10)
  5 cyclopes
  5 elephants
  4 black mambas
  3 centaur zombies
  2 gargoyles
  10 spiny frogs
  12 komodo dragons
  2 kobold demonologists (D:11)
  3 rime drakes
  6 trolls
  3 hornets
  5 hippogriffs
  6 blink frogs
  2 shadows
  4 wyverns
  7 fire bats (Volcano)
  4 wraiths (Lair:5)
  12 yaks
  2 basilisks
  6 hogs (Lair:4)
  A hungry ghost (D:12)
  6 wargs
  2 acid dragons
  A naga (Lair:2)
  A soldier ant (D:10)
  6 water moccasins
  11 porcupines
  2 black bears
  A sky beast (D:7)
  19 orc warriors
  An eye of draining (D:12)
  12 ogres
  3 ice beasts
  3 necrophages
  3 phantoms
  49 wolves
  3 centaurs
  8 crocodiles
  2 big kobolds
  15 bullfrogs
  A wyvern zombie (D:11)
  3 scorpions
  19 killer bees
  16 wights
  4 lava snakes (Volcano)
  8 crimson imps
  2 quasits
  4 centaur skeletons
  5 jellies
  16 orc priests
  7 hounds
  Crazy Yiuf (D:7)
  3 iguanas
  23 orc wizards
  A merfolk siren (Sewer)
  5 worker ants
  3 hound skeletons
  9 adders
  11 gnolls
  3 river rats (Sewer)
  An adder skeleton (D:5)
  4 worms
  A dart slug (D:1)
  5 leopard geckos
  100 orcs
  6 ball pythons
  7 bats
  4 giant cockroaches
  6 goblins
  7 hobgoblins
  8 jackals
  9 kobolds
  5 quokkas
  7 frilled lizards
  A jackal skeleton (D:4)
  34 rats
  A plant (Lair:1)
619 creatures vanquished.

Vanquished Creatures (collateral kills)
  Kirke (Lair:4)
  A dire elephant (Lair:6)
  2 ettins (Orc:1)
  3 hydras
  A catoblepas (Lair:6)
  A two-headed ogre (D:10)
  2 death yaks (Lair:6)
  A lindwurm (Lair:6)
  An orc knight (D:12)
  12 cyclopes (Orc:1)
  2 manticores (Lair:6)
  9 elephants
  2 black mambas (Lair:6)
  2 spiny frogs
  2 rime drakes (Lair:6)
  A troll (Orc:1)
  2 dream sheep (Lair:6)
  2 yaks (Lair:6)
  A hungry ghost (D:12)
  A warg (Orc:1)
  5 orc warriors (Orc:1)
  2 ogres (Orc:1)
  A wolf (Lair:6)
  A gnoll sergeant (D:6)
  4 orc priests (Orc:1)
  4 orc wizards (Orc:1)
  A gnoll (D:6)
  15 orcs
  A plant (Lair:4)
83 creatures vanquished.

Vanquished Creatures (others)
  A dancing weapon (D:6)
  A centaur (D:10)
  An orc (D:11)
  A kobold (D:12)
  6 fungi
  3 plants (D:9)
13 creatures vanquished.

Grand Total: 715 creatures vanquished

Notes
Turn   | Place    | Note
-------+----------+-------------------------------------------
     0 | D:1      | Masnef the Vampire Enchanter began the quest for the Orb.
     0 | D:1      | Reached XP level 1. HP: 13/13 MP: 3/3
   101 | D:1      | Reached skill level 5 in Stealth
   126 | D:1      | Reached XP level 2. HP: 19/19 MP: 5/5
   285 | D:1      | Learned a level 2 spell: Ensorcelled Hibernation
   461 | D:1      | Reached XP level 3. HP: 24/24 MP: 3/6
  1041 | D:2      | Learned a level 3 spell: Confuse
  1051 | D:2      | Found an iron altar of Okawaru.
  1058 | D:2      | Reached skill level 5 in Hexes
  1058 | D:2      | Reached XP level 4. HP: 29/30 MP: 2/7
  1218 | D:2      | Noticed a bullfrog
  1226 | D:2      | Killed a bullfrog
  1388 | D:2      | Reached XP level 5. HP: 35/35 MP: 8/8
  2315 | D:3      | Found a glowing drain.
  2319 | Sewer    | Entered a sewer
  2345 | Sewer    | Reached XP level 6. HP: 22/36 MP: 9/9
  3096 | D:4      | Found an ornate altar of the Wu Jian Council.
  3107 | D:4      | Reached skill level 10 in Stealth
  3237 | D:4      | Learned a level 3 spell: Dazzling Spray
  3292 | D:4      | Reached XP level 7. HP: 8/41 MP: 0/10
  3893 | D:5      | Entered Level 5 of the Dungeon
  4105 | D:5      | Got a distressingly furry buckler
  4111 | D:5      | Identified the +1 buckler "Forget-Me-Not" {Int+3 Dex+2}
                  | (You found it on level 5 of the Dungeon)
  4402 | D:5      | Reached skill level 1 in Conjurations
  4727 | D:6      | Reached XP level 8. HP: 52/52 MP: 6/11
  4732 | D:6      | Learned a level 3 spell: Tukima's Dance
  4777 | D:6      | Reached skill level 1 in Shields
  4830 | D:6      | Found a hide-covered altar of Uskayaw.
  6294 | D:7      | Found a transporter.
  6296 | D:7      | Noticed a green ugly thing
  6297 | D:7      | Noticed a small abomination
  6299 | D:7      | Found a corrupted altar of Lugonu.
  6299 | D:7      | Noticed a white ugly thing
  6299 | D:7      | Noticed an unseen horror
  6300 | D:7      | Noticed a white ugly thing
  6333 | D:7      | Found a snail-covered altar of Cheibriados.
  6333 | D:7      | Found a staircase to the Ecumenical Temple.
  6344 | Temple   | Entered the Ecumenical Temple
  6595 | Temple   | Became a worshipper of Kikubaaqudgha
  6625 | D:7      | Reached XP level 9. HP: 47/57 MP: 7/14
  6645 | D:7      | You fall into a shaft and drop 2 floors!
  6691 | D:9      | Found a runed translucent door.
  6693 | D:9      | Noticed bmj180's ghost (novice HOFi)
  6693 | D:9      | Identified the cursed +0 trident of Honesty {flame, +Rage
                  | rF+ rC-}
  7031 | D:7      | Got a warped hand axe
  7056 | D:7      | Reached skill level 5 in Short Blades
  7225 | D:7      | Found a runed translucent door.
  7226 | D:7      | Noticed Crazy Yiuf
  7313 | D:7      | Found a transporter.
  7378 | D:7      | Killed Crazy Yiuf
  7479 | D:8      | Found a burning altar of Makhleb.
  7660 | D:8      | Reached * piety under Kikubaaqudgha
  7660 | D:8      | Identified Kikubaaqudgha's Tome of Evil Rites
                  | (Kikubaaqudgha gifted it to you on level 8 of the Dungeon)
  7660 | D:8      | Received a gift from Kikubaaqudgha
  7699 | D:8      | Learned a level 3 spell: Vampiric Draining
  7724 | D:8      | Learned a level 1 spell: Animate Skeleton
  7845 | D:8      | Reached skill level 1 in Necromancy
  8050 | D:8      | Found an opulent altar of Gozag.
  8155 | D:8      | Found a stormy altar of Qazlal.
  8156 | D:8      | Found a glowing silver altar of Zin.
  8198 | D:8      | Reached skill level 5 in Spellcasting
  8372 | D:8      | Reached skill level 2 in Necromancy
  8789 | D:9      | Noticed a troll
  8792 | D:9      | Killed a troll
  8899 | D:9      | Reached ** piety under Kikubaaqudgha
  8903 | D:9      | Reached skill level 3 in Necromancy
  8905 | D:9      | Reached XP level 10. HP: 50/50 MP: 18/18
  9247 | D:9      | Reached skill level 1 in Fighting
  9247 | D:9      | Reached skill level 1 in Armour
 10093 | D:10     | Entered Level 10 of the Dungeon
 10136 | D:10     | Reached skill level 4 in Necromancy
 11021 | D:10     | Noticed a brown ugly thing
 11028 | D:10     | Killed a brown ugly thing
 11054 | D:10     | Reached skill level 5 in Necromancy
 11191 | D:10     | Noticed a gargoyle
 11197 | D:10     | Killed a gargoyle
 11376 | D:10     | Reached *** piety under Kikubaaqudgha
 11376 | D:10     | Identified Kikubaaqudgha's Reference Book on Stolen Souls
                  | (Kikubaaqudgha gifted it to you on level 10 of the Dungeon)
 11376 | D:10     | Received a gift from Kikubaaqudgha
 11568 | D:10     | Reached XP level 11. HP: 60/60 MP: 17/20
 11642 | D:10     | Noticed a two-headed ogre
 11661 | D:10     | Killed a two-headed ogre
 11782 | D:11     | Reached skill level 6 in Necromancy
 11917 | D:11     | Noticed a sun demon
 12580 | D:11     | Reached skill level 7 in Necromancy
 12616 | D:11     | Found a staircase to the Lair.
 12685 | D:11     | Found a sacrificial altar of Ru.
 12710 | D:11     | Reached **** piety under Kikubaaqudgha
 13052 | D:12     | Noticed a two-headed ogre
 13055 | D:12     | Killed a two-headed ogre
 13055 | D:12     | Reached skill level 5 in Dodging
 13295 | D:12     | Noticed a four-headed hydra
 13298 | D:12     | Killed a four-headed hydra
 13298 | D:12     | Reached skill level 5 in Fighting
 13417 | D:12     | Found Bimaj's Antique Armour Emporium.
 13543 | D:12     | Found a roughly hewn altar of Beogh.
 13543 | D:12     | Found a staircase to the Orcish Mines.
 13663 | D:12     | Reached skill level 10 in Short Blades
 13663 | D:12     | Reached XP level 12. HP: 53/68 MP: 3/21
 13675 | D:12     | Reached ***** piety under Kikubaaqudgha
 13700 | D:12     | Reached skill level 8 in Necromancy
 13903 | Lair:1   | Entered Level 1 of the Lair of Beasts
 14465 | Lair:1   | Noticed Erica
 14467 | Lair:1   | Killed Erica
 14467 | Lair:1   | Reached skill level 1 in Ice Magic
 15115 | Lair:2   | Found a staircase to the Snake Pit.
 15368 | Lair:2   | Found a staircase to the Swamp.
 15440 | Lair:2   | Found a dark tunnel.
 15447 | Volcano  | Entered a volcano
 15491 | Volcano  | Found a radiant altar of Vehumet.
 15492 | Volcano  | Noticed a two-headed ogre
 15492 | Volcano  | Noticed a red draconian
 15492 | Volcano  | Noticed an ogre mage
 15492 | Volcano  | Noticed a two-headed ogre
 15492 | Volcano  | Killed a two-headed ogre
 15494 | Volcano  | Killed an ogre mage
 15494 | Volcano  | Reached skill level 10 in Dodging
 15497 | Volcano  | Killed a red draconian
 15497 | Volcano  | Reached skill level 9 in Necromancy
 15511 | Volcano  | Killed a two-headed ogre
 16487 | Volcano  | Identified the +6 hand axe "Leizxe Kuxe" {drain, +Rage rN+}
                  | (You found it on level 7 of the Dungeon)
 16515 | Volcano  | Got a jewelled leather armour
 16526 | Volcano  | Identified the cursed +1 leather armour of Qunistrugg {rN+
                  | Stlth+} (You found it in a volcano)
 16839 | Lair:2   | Reached skill level 10 in Necromancy
 16839 | Lair:2   | Reached XP level 13. HP: 54/76 MP: 22/22
 17627 | Lair:2   | Reached skill level 5 in Ice Magic
 17638 | Lair:2   | Learned a level 6 spell: Simulacrum
 18403 | Lair:2   | Reached XP level 14. HP: 82/82 MP: 23/23
 18469 | Lair:2   | Found a staircase to the Snake Pit.
 18819 | Lair:2   | Reached skill level 11 in Necromancy
 18844 | Lair:2   | Found a staircase to the Swamp.
 20201 | Lair:4   | Noticed Sonja
 20208 | Lair:4   | Killed Sonja
 20235 | Lair:4   | Noticed Kirke
 20531 | Lair:4   | Noticed Rupert
 20543 | Lair:4   | Killed Rupert
 20760 | Lair:4   | Reached skill level 12 in Necromancy
 21109 | Lair:4   | Killed Kirke
 21884 | Lair:5   | Found a staircase to the Slime Pits.
 22057 | Lair:5   | Reached skill level 13 in Necromancy
 22475 | Lair:5   | Noticed Josephine
 22629 | Lair:5   | Killed Josephine
 22956 | Lair:6   | Entered Level 6 of the Lair of Beasts
 23218 | Lair:6   | Reached skill level 14 in Necromancy
 25872 | Orc:1    | Entered Level 1 of the Orcish Mines
 25878 | Orc:1    | Reached XP level 15. HP: 107/107 MP: 25/25
 25938 | Orc:1    | Learned a level 2 spell: Sublimation of Blood
 25945 | Orc:1    | Learned a level 6 spell: Death Channel
 26074 | Orc:1    | Reached skill level 15 in Necromancy
 28081 | Orc:1    | Got a jewelled dagger
 28082 | Orc:1    | Identified the +7 dagger "Gerakus" {venom, rC- Dex+7} (You
                  | found it on level 1 of the Orcish Mines)
 28090 | Orc:1    | Identified the +3 spear of Zyweec {pierce, rC+ Str+3} (You
                  | found it on level 1 of the Orcish Mines)
 28094 | Orc:1    | Identified the +5 great mace "Umoib" {holy, rN+} (You found
                  | it on level 1 of the Orcish Mines)
 28096 | Orc:1    | Identified the +7 longbow "Risemeogg" {freeze, rF+} (You
                  | found it on level 1 of the Orcish Mines)
 28113 | Orc:1    | Identified the Reference Book on Assistive Enchantment
 28117 | Orc:1    | Learned a level 1 spell: Confusing Touch
 28201 | Orc:2    | Entered Level 2 of the Orcish Mines
 28329 | Orc:2    | Found a staircase to the Elven Halls.
 28399 | Orc:1    | Identified a scroll of acquirement
 28422 | Orc:2    | Found a flickering gateway to a bazaar.
 28427 | Orc:2    | HP: 3/107 [something (15)]
 28429 | Orc:2    | Engulfed by a cloud of freezing vapour

Levels and vault maps discovered:
D:1:      minmay_arrival_loop, layout_basic
D:2:      layout_basic, old_standard_altar
D:3:      layout_rooms, gup_sewer_entry_bowl
D:4:      layout_cave_pools, old_standard_altar, minmay_starry_boxes
D:5:      layout_rooms, first_ration, minmay_liquid_box, corexii_corridor_pit
D:6:      layout_basic, eat_drink_and_be_merry_uskayaw
D:7:      gammafunk_corrupted_shrine, layout_rooms, lemuel_doored_altar,
          minmay_temple_entry_offerings, enter_bailey_2, uniq_crazy_yiuf_cottage
D:8:      layout_loops_ring, lemuel_crystal_altar, lemuel_round_altar,
          gammafunk_temple_overflow_statue, serial_rivers,
          chequers_serial_rivers_room_b, chequers_serial_rivers_room_a,
          chequers_serial_rivers_room_a, chequers_serial_rivers_small_b,
          special_room [special_room_orc], grunt_decor_resistance
D:9:      layout_grid_maze, ebering_ghost_funeral_grove
D:10:     layout_basic, hangedman_pestilent_swarm, grunt_ministairs_4
D:11:     layout_irregular_city, lair_entry_dummy, basic_altar
D:12:     layout_gridville, david_orc_5, serial_shops, nicolae_shop_waterfront
Temple:   eino_temple_water
Lair:1:   layout_cave_shapes, hibernation_bobbens, lemuel_fruit_tree,
          serial_bayou_shore_b, serial_bayou_shore_b, grunt_megastairs_4,
          uniq_erica
Lair:2:   layout_regular_city, swamp_mist, guppyfry_snake_entry_island,
          nicolae_volcano_entry_s_turn
Lair:3:   layout_regular_city, grunt_forest_large_clearings
Lair:4:   layout_loops_ring, beast_lair_carwin_10, uniq_kirke, uniq_rupert,
          uniq_sonja
Lair:5:   layout_roguey, slime_dummy, chequers_serial_rivers_micro_e,
          uniq_josephine
Lair:6:   hangedman_lair_in_review, layout_regular_city
Orc:1:    giant_chief_lemuel, layout_caves
Orc:2:    st_orc_town, layout_caves, serial_shops, freezing_bzr, shop,
          shop_fountains, ebering_ghost_gozag

Skill      XL: |  1  2  3  4  5  6  7  8  9 10 11 12 13 14 15 |
---------------+----------------------------------------------+-----
Stealth        | 5 6 7 8 10 11 13 14 | 14.1
Hexes          | 5 6 7 8 |  8.0
Short Blades   | 2 3 4 6 8 10 | 10.0
Conjurations   | 1 |  1.0
Shields        | 2 4 |  4.0
Spellcasting   | 3 5 6 7 |  7.0
Necromancy     | 3 5 7 10 14 15 | 15.6
Fighting       | 3 5 7 |  7.5
Armour         | 2 |  2.0
Dodging        | 7 11 | 11.7
Ice Magic      | 4 5 7 |  7.5

Action                   |  1- 3 |  4- 6 |  7- 9 | 10-12 | 13-15 || total
-------------------------+-------+-------+-------+-------+-------++-------
Melee: Dagger            |    93 |   227 |   412 |   497 |   640 ||  1869
       Bite              |     7 |    15 |    41 |    47 |    53 ||   163
       Hand axe          |       |       |       |     5 |       ||     5
 Cast: Ensorcelled Hiber |    20 |    27 |    91 |   101 |   120 ||   359
       Corona            |     2 |       |       |       |       ||     2
       Dazzling Spray    |       |     1 |     4 |    38 |    28 ||    71
       Confuse           |       |       |    12 |    37 |    42 ||    91
       Tukima's Dance    |       |       |     5 |     1 |       ||     6
       Animate Skeleton  |       |       |     3 |    10 |       ||    13
       Vampiric Draining |       |       |       |     4 |     6 ||    10
       Simulacrum        |       |       |       |       |    44 ||    44
       Death Channel     |       |       |       |       |     7 ||     7
       Sublimation of Bl |       |       |       |       |     3 ||     3
Invok: Receive Corpses   |       |       |       |     5 |    23 ||    28
 Abil: Exsanguinate      |       |     1 |     1 |       |     1 ||     3
       Bat Form          |       |     1 |       |     1 |     3 ||     5
       Revivify          |       |     1 |       |     1 |     1 ||     3
       End Transformatio |       |       |       |     1 |     3 ||     4
Evoke: Wand              |       |     2 |     7 |     1 |     1 ||    11
  Use: Scroll            |     1 |     6 |     9 |    15 |    14 ||    45
       Potion            |       |     2 |       |    13 |     2 ||    17
 Stab: Sleeping          |    14 |    37 |    81 |   109 |    95 ||   336
       Invisible         |       |     7 |     2 |     9 |     6 ||    24
       Paralysed         |       |     2 |       |       |       ||     2
       Confused          |       |       |    12 |    16 |    12 ||    40
       Distracted        |       |       |       |     5 |     9 ||    14
Armor: Robe              |    27 |    44 |    36 |    14 |    55 ||   176
       Troll leather arm |       |       |       |    67 |       ||    67
Dodge: Dodged            |    57 |   163 |   127 |   270 |   554 ||  1171
Block: Buckler           |       |       |    85 |   197 |   269 ||   551
       Reflection        |       |       |     1 |    18 |     8 ||    27
       Other             |       |       |       |       |     3 ||     3

Table legend:
 A = Non-vault XP
 B = Vault XP
 C = Vault XP percentage of total XP
 D = Non-vault monster count
 E = Vault monster count
 F = Vault count percentage of total count
                 A         B        C        D         E       F
            +---------+---------+-------+---------+---------+-------
      Total |   49295 |   40692 |  45.2 |     475 |     226 |  32.2
            +---------+---------+-------+---------+---------+-------
        D:1 |      83 |       0 |   0.0 |      26 |       0 |   0.0
        D:2 |     122 |       0 |   0.0 |       9 |       0 |   0.0
        D:3 |     178 |       6 |   3.3 |      23 |       3 |  11.5
        D:4 |     286 |      78 |  21.4 |      14 |       4 |  22.2
        D:5 |     493 |       0 |   0.0 |      18 |       0 |   0.0
        D:6 |    1152 |       0 |   0.0 |      27 |       0 |   0.0
        D:7 |     635 |      39 |   5.8 |      14 |       1 |   6.7
        D:8 |    1083 |     374 |  25.7 |      23 |      25 |  52.1
        D:9 |    2796 |       0 |   0.0 |      32 |       0 |   0.0
       D:10 |    3200 |    1169 |  26.8 |      38 |       5 |  11.6
       D:11 |    4452 |       0 |   0.0 |      39 |       0 |   0.0
       D:12 |    8347 |     310 |   3.6 |      53 |      22 |  29.3
     Lair:1 |    2666 |    1458 |  35.4 |      15 |       3 |  16.7
     Lair:2 |    2912 |    1821 |  38.5 |      15 |      15 |  50.0
     Lair:3 |    4071 |    2838 |  41.1 |      12 |      20 |  62.5
     Lair:4 |    2369 |    9008 |  79.2 |      10 |      18 |  64.3
     Lair:5 |    2662 |    1886 |  41.5 |      11 |       5 |  31.2
     Lair:6 |    8497 |    7065 |  45.4 |      37 |      21 |  36.2
      Orc:1 |    3291 |    8494 |  72.1 |      59 |      28 |  32.2
      Sewer |       0 |     130 | 100.0 |       0 |      40 | 100.0
    Volcano |       0 |    6016 | 100.0 |       0 |      16 | 100.0
            +---------+---------+-------+---------+---------+-------
